 Dungeon Crawl Stone Soup version 0.19-a0-1849-g2383789 (webtiles) character file.

281 Jraekied the Sneak (level 6, -2/44 HPs)
             Began as a Demonspawn Assassin on Oct 9, 2016.
             Killed from afar by an orc wizard (10 damage)
             ... with a magic dart
             ... on level 4 of the Dungeon.
             The game lasted 00:05:15 (2463 turns).

Jraekied the Sneak (Demonspawn Assassin)            Turns: 2463, Time: 00:05:15

Health: -2/44      AC: 13    Str: 12    XL:     6   Next: 6%
Magic:  6/6        EV: 12    Int: 14    God:
Gold:   156        SH:  0    Dex: 14    Spells: 0 memorised, 5 levels left

rFire  . . .     SeeInvis .     a - +2 dagger
rCold  . . .     Gourm    .     c - +0 robe
rNeg   . . .     Faith    .     (no shield)
rPois  .         Spirit   .     y - +0 helmet (curse)
rElec  .         Dismiss  .     d - +0 cloak
rCorr  .         Reflect  .     s - +2 pair of gloves
MR     .....     Harm     .     t - +2 pair of boots
Stlth  +++.......               i - amulet of magic regeneration
                                (no ring)
                                (no ring)

@: slowed, very slow
A: slimy green scales 2, powered by death 2
a: no special abilities


You were on level 4 of the Dungeon.
You were very hungry.

You visited 1 branch of the dungeon, and saw 4 of its levels.

You collected 156 gold pieces.

Inventory:

Hand Weapons
 a - a +2 dagger (weapon)
 b - a +0 blowgun
 h - a +0 dagger of draining
 w - a -2 dagger
Missiles
 e - 8 poisoned needles
 f - 2 curare-tipped needles
Armour
 c - a +0 robe (worn)
 d - a +0 cloak (worn)
 s - a +2 pair of gloves (worn)
 t - a +2 pair of boots (worn)
 y - a cursed +0 helmet (worn)
Jewellery
 i - an amulet of magic regeneration (around neck)
Scrolls
 o - a scroll of immolation {unknown}
 v - 2 scrolls of remove curse
 x - a scroll of noise {unknown}
 A - 2 scrolls of identify
Potions
 j - 2 potions of lignification {unknown}
 k - 2 potions of agility {unknown}
 l - a potion of haste {unknown}
 m - a potion of invisibility {unknown}
 n - 2 potions of curing
 p - a potion of heal wounds {unknown}
 u - a potion of degeneration {unknown}
 z - a potion of magic {unknown}
Comestibles
 g - 5 bread rations
 q - a slice of pizza
 r - 2 meat rations


   Skills:
 - Level 2.0 Fighting
 * Level 4.5 Short Blades
 - Level 1.7 Throwing
 + Level 2.1 Dodging
 - Level 4.8 Stealth


You had 5 spell levels left.
You didn't know any spells.

Dungeon Overview and Level Annotations

Branches:
Dungeon (4/15)
 Temple: D:4-7

Altars:


Innate Abilities, Weirdness & Mutations

You are mostly covered in slimy green scales. (AC +3)
You regenerate health from kills.


Message History

You barely miss the orc wizard.
The orc wizard is moderately wounded.
The orc wizard completely misses you. The orc misses you.
You hit the orc wizard.
The orc wizard is heavily wounded.
The orc wizard hits you but does no damage.
The orc hits you but does no damage.
The orc wizard points at you and mumbles some strange words.
The magic dart hits you!
* * * LOW HITPOINT WARNING * * *
You hit the orc wizard.
The orc wizard is severely wounded.
The orc wizard closely misses you. The orc misses you.
The orc wizard hits you but does no damage.
You hit the orc wizard but do no damage.
The orc wizard is severely wounded.
The orc wizard misses you. The orc closely misses you.
The orc wizard casts a spell at you. The magic dart hits you!
You die...

######.###.....(...## ##
#....#.#.....<......... .#
#....#.#......######### .#
#....#.#...#################.#
#....#.#.#>...................
#....#.#.#.....oo...o..o.ยง....
#....#.#.#...###)#######.....#
##....#.#.###.###.# #.....#
#.......#.# #o@o..# #.%...#
#.....###.######### #..!..#
#..............# #.....#
#..............# #......
#.###..........# ...(.##
#.###..........# .....#
#..............#
#####..........# #..........#


You could see an orc wizard and an orc.

Vanquished Creatures
  An ice beast (D:3)
  An orc wizard (D:4)
  8 adders
  4 oozes
  A worm (D:3)
  4 leopard geckos
  An orc (D:4)
  6 giant cockroaches
  8 goblins
  11 hobgoblins
  2 jackals
  4 bats
  2 frilled lizards
  7 kobolds
  A leopard gecko skeleton (D:4)
  7 rats
68 creatures vanquished.

Notes
Turn   | Place    | Note
-------+----------+-------------------------------------------
     0 | D:1      | Jraekied the Demonspawn Assassin began the quest for the Orb.
     0 | D:1      | Reached XP level 1. HP: 16/16 MP: 1/1
    80 | D:1      | Gained mutation: You regenerate a little health from kills. [demonic ancestry]
    80 | D:1      | Reached XP level 2. HP: 21/22 MP: 2/2
   595 | D:1      | Reached XP level 3. HP: 27/27 MP: 3/3
  1164 | D:2      | Gained mutation: You are partially covered in slimy green scales. (AC +2) [demonic ancestry]
  1164 | D:2      | Reached XP level 4. HP: 24/33 MP: 4/4
  1827 | D:3      | Reached skill level 1 in Dodging
  1985 | D:3      | Noticed an ice beast
  2011 | D:3      | Killed an ice beast
  2011 | D:3      | Gained mutation: You regenerate health from kills. [demonic ancestry]
  2011 | D:3      | Reached XP level 5. HP: 38/38 MP: 5/5
  2455 | D:4      | Gained mutation: You are mostly covered in slimy green scales. (AC +3) [demonic ancestry]
  2455 | D:4      | Reached XP level 6. HP: 10/44 MP: 6/6
  2463 | D:4      | Killed from afar by an orc wizard

Vault maps used:
D:1:      lightli_arrival_flooded_house, minmay_tetromino_o2
D:2:      kb_forest_paths, first_bread

Skill      XL: |  1  2  3  4  5 |
---------------+----------------+-----
Short Blades   | 2 3 4 |  4.5
Stealth        | 4 |  4.8
Dodging        | 1 2 |  2.1
Fighting       | |  2.0
Throwing       | |  1.7

Action                   |  1- 3 |  4- 6 || total
-------------------------+-------+-------++-------
Melee: Dagger            |   116 |   143 ||   259
  Use: Scroll            |       |     4 ||     4
       Potion            |       |     2 ||     2
 Stab: Sleeping          |     4 |    11 ||    15
       Distracted        |       |     2 ||     2
  Eat: Chunk             |       |     4 ||     4
Armor: Robe              |    29 |    64 ||    93
Dodge: Dodged            |    53 |    71 ||   124
